 Seeded DCSS version 0.26-a0-651-gb41185065b (webtiles) character file.

Game seed: 1594776617720414196 (custom seed)

618 dracos369 the Shield-Bearer (level 7, -5/35 HPs)
             Began as a Vine Stalker Fighter on Sept 29, 2020.
             Was a Follower of Makhleb.
             Slain by Grinder (6 damage)
             ... on level 4 of the Dungeon.
             The game lasted 00:11:33 (2939 turns).

dracos369 the Shield-Bearer (Vine Stalker Fighter)  Turns: 2939, Time: 00:11:33

Health: -5/35      AC:  9    Str: 20    XL:     7   Next: 45%
Magic:  0/9        EV:  7    Int:  8    God:    Makhleb [*.....]
Gold:   130        SH: 11    Dex: 20    Spells: 6/6 levels left

rFire    . . .     SeeInvis .   a - +0 rapier
rCold    . . .     Faith    .   c - +0 kite shield
rNeg     . . .     Spirit   +   b - +0 scale mail
rPois    .         Reflect  .   (no helmet)
rElec    .         Harm     .   (no cloak)
rCorr    .         Rampage  .   k - +2 pair of gloves
MR       .....                  (no boots)
Stlth    ..........             (no amulet)
HPRegen  0.51/turn              e - +6 ring of dexterity
MPRegen  0.11/turn              (no ring)

@: no status effects
A: fangs 2, regeneration 1, magic shield, antimagic bite, no potion heal 3, rot
immunity
a: Renounce Religion


You were on level 4 of the Dungeon.
You worshipped Makhleb.
Makhleb was aware of your devotion.
You visited 1 branch of the dungeon, and saw 4 of its levels.
You also visited: Sewer.

You collected 130 gold pieces.

Inventory:

Hand Weapons
 a - a +0 rapier (weapon)
Missiles
 g - a throwing net
 j - 2 javelins (quivered)
Armour
 b - a +0 scale mail (worn)
 c - a +0 kite shield (worn)
 k - a +2 pair of gloves (worn)
Jewellery
 e - a +6 ring of dexterity (left hand)
Wands
 l - a wand of flame (15)
Scrolls
 h - 3 scrolls of remove curse
 q - 2 scrolls of blinking
Potions
 d - a potion of resistance
 f - 6 potions of curing {unknown}
 i - 2 potions of brilliance
 m - a potion of might
 n - 3 potions of flight {unknown}
 o - a potion of heal wounds {unknown}
 p - a potion of stabbing {unknown}


   Skills:
 - Level 2.6 Fighting
 * Level 5.3 Short Blades
 - Level 2.4 Armour
 + Level 5.5 Shields
 + Level 1.3 Invocations


You had 6 spell levels left.
You didn't know any spells.
Your spell library contained the following spells:

 Spells                   Type           Power        Failure   Level
 Sandblast                Erth           #.....       99%         1
 Passwall                 Tmut/Erth      #.......     100%        2
 Stone Arrow              Conj/Erth      #.....       100%        3
 Petrify                  Tmut/Erth      #.......     100%        4
 Lee's Rapid Deconstruct  Erth           #.........   100%        5


Dungeon Overview and Level Annotations

Branches:
Dungeon (4/15)              Sewer (visited)
 Temple: D:4-7

Altars:
Ashenzari
Dithmenos
Hepliaklqana
Kikubaaqudgha
Makhleb
Nemelex Xobeh
Okawaru
Ru

Annotations:
D:4 Grinder


Innate Abilities, Weirdness & Mutations

You have extremely sharp teeth.
Your natural rate of healing is unusually fast.
When hurt, damage is shared between your health and your magic reserves.
Your bite disrupts and absorbs the magic of your enemies.
Potions cannot restore your health.
You are immune to rotting.


Message History

Grinder is heavily wounded.
You block Grinder's attack.
Your shield and scale mail prevent you from hitting Grinder.
You bite Grinder.
Grinder's magic leaks into the air.
You drain her magic.
You feel invigorated.
Grinder is severely wounded.
Grinder hits you.
You writhe in agony.
You hit Grinder. You bite Grinder, but do no damage.
Grinder is severely wounded.
Grinder hits you!
* * * LOW HITPOINT WARNING * * *
You writhe in agony.
* * * LOW HITPOINT WARNING * * *
Unknown command.
You puncture Grinder! Your bite misses Grinder.
Grinder is almost dead.
Grinder hits you.
* * * LOW HITPOINT WARNING * * *
You writhe in agony.
You die...

#..# #...........#
#..#####........(..##########
#..##.......................#
#...+.......................#
....#...........(...........#
##..#.......................#
............................#
................5...........#
................@......(....#
.....ยง########..............#
......# #.........(....#
......# ################
##..### ##5.#######
..........# #########
..........# #..)...<#
..........###.#######


You could see Grinder.

Vanquished Creatures
  A black bear (D:2)
  2 orc priests
  A bullfrog skeleton (D:4)
  4 orc wizards
  Ijyb (D:3)
  Natasha (thrice) (D:3)
  3 gnolls (D:4)
  2 river rats (D:3)
  6 adders
  3 oozes
  An adder skeleton (D:4)
  4 dart slugs
  2 worms (D:2)
  2 leopard geckos
  10 orcs
  3 ball pythons
  4 bats
  6 giant cockroaches
  8 goblins
  A hobgoblin (D:2)
  7 jackals
  2 quokkas
  2 frilled lizards (D:1)
  20 kobolds
  12 rats
110 creatures vanquished.

Notes
Turn   | Place    | Note
-------+----------+-------------------------------------------
     0 | D:1      | dracos369 the Vine Stalker Fighter began the quest for the
                  | Orb.
     0 | D:1      | Reached XP level 1. HP: 11/11 MP: 2/2
    38 | D:1      | Reached XP level 2. HP: 7/16 MP: 1/3
   513 | D:1      | Reached XP level 3. HP: 19/19 MP: 4/4
   840 | D:2      | Found a broken altar of Ashenzari.
  1061 | D:2      | Noticed a black bear
  1074 | D:2      | Killed a black bear
  1074 | D:2      | Gained mutation: Your natural rate of healing is unusually
                  | fast. [Vine Stalker growth]
  1074 | D:2      | Reached XP level 4. HP: 11/23 MP: 3/5
  1074 | D:2      | Reached XP level 5. HP: 13/27 MP: 3/6
  1602 | D:3      | Noticed Ijyb
  1651 | D:3      | Killed Ijyb
  1673 | D:3      | Reached XP level 6. HP: 15/32 MP: 2/7
  1709 | D:3      | Found an iron altar of Okawaru.
  1709 | D:3      | Found a hazy altar of Hepliaklqana.
  1709 | D:3      | Found a sparkling altar of Nemelex Xobeh.
  1709 | D:3      | Found an ancient bone altar of Kikubaaqudgha.
  1716 | D:3      | Found a burning altar of Makhleb.
  1720 | D:3      | Found a sacrificial altar of Ru.
  1727 | D:3      | Became a worshipper of Makhleb the Destroyer
  1802 | D:3      | Noticed Natasha
  1814 | D:3      | Killed Natasha
  1889 | D:3      | Reached skill level 5 in Shields
  1926 | D:3      | Found an iron altar of Okawaru.
  2090 | D:3      | Found a glowing drain.
  2094 | Sewer    | Entered a sewer
  2238 | Sewer    | Reached * piety under Makhleb
  2271 | Sewer    | Reached XP level 7. HP: 35/35 MP: 8/8
  2369 | D:3      | Noticed Natasha
  2378 | D:3      | Killed Natasha
  2420 | D:3      | Found a shadowy altar of Dithmenos.
  2491 | D:3      | Noticed Natasha
  2504 | D:3      | Killed Natasha
  2582 | D:4      | Reached skill level 5 in Short Blades
  2594 | D:4      | Reached skill level 1 in Invocations
  2820 | D:4      | Noticed Grinder
  2925 | D:4      | Paralysed by Grinder for 3 turns
  2939 | D:4      | HP: 1/35 [Grinder (3)]
  2939 | D:4      | Slain by Grinder

Illustrated notes

Levels and vault maps discovered:
D:1:      matt_arrival_los_fun, layout_rooms, minmay_strange_pillars
D:2:      wander_river, layout_loops_ring, overflow_temple_1_default
D:3:      layout_rooms, grunt_dithmenos_smoke_and_mirrors,
          minmay_overflow_temple_hex, gup_sewer_entry_bowl,
          kennysheep_okawaru_gauntlet, uniq_ijyb, uniq_natasha
D:4:      layout_basic, uniq_grinder

Skill      XL: |  1  2  3  4  5  6  7 |
---------------+----------------------+-----
Short Blades   | 2 3 4 5 |  5.3
Shields        | 3 4 5 |  5.5
Invocations    | 1 |  1.3
Fighting       | |  2.6
Armour         | |  2.4

Action                   |  1- 3 |  4- 6 |  7- 9 || total
-------------------------+-------+-------+-------++-------
Melee: Rapier            |    89 |   178 |    77 ||   344
       Bite              |    21 |    47 |    31 ||    99
Throw: Javelin           |       |       |     6 ||     6
  Use: Scroll            |     3 |     3 |     2 ||     8
       Potion            |     1 |     3 |       ||     4
Armor: Scale mail        |    32 |   106 |    22 ||   160
       Skin              |       |    76 |       ||    76
Dodge: Dodged            |    23 |    87 |    14 ||   124
Block: Kite shield       |    43 |   120 |    33 ||   196

Table legend: (Time is in decaauts)
 A = Elapsed time spent in this place.
 B = Non-inter-level travel time spent in this place.
 C = Inter-level travel time spent in this place.
 D = Time resting spent in this place.
 E = Time spent auto-exploring this place.
 F = Levels seen in this place.
 G = Mean time per level.
                   A        B        C        D        E       F      G
               +--------+--------+--------+--------+--------+-----+--------+
         Total |   3036 |   2869 |    167 |    336 |   1635 |   5 |  607.2 |
       Dungeon |   2739 |   2572 |    167 |    336 |   1457 |   4 |  684.8 |
         Sewer |    297 |    297 |      0 |      0 |    177 |   1 |  297.0 |
               +--------+--------+--------+--------+--------+-----+--------+

Top non-repeatable levels by time:
     D:1: 823 daAuts
     D:2: 816 daAuts
     D:3: 719 daAuts
     D:4: 379 daAuts
   Sewer: 297 daAuts
